cohdb
Replays
Latest Replays
All Replays
Popular Replays
Top Player Replays
Match Explorer
How It Works
Community
CoH3 Stats
Reddit
Sign in to upload your games and track your stats! →
Sign in with Steam
Match 37872781
Unlisted
Match 37872781
Overview
Messages
Build Orders
End
Construct Section Command Post
Infantry Section
Dingo Light Scout Car
Vickers Machine Gun Team
Infantry Section
Selects Air and Sea Battlegroup
Selects Air and Sea Battlegroup
Selects Supply Surplus
Construct Resource Cache
Construct Resource Cache
Construct Platoon Command Post
Humber Armored Car
Humber Armored Car
Light Vehicle Training
Construct Company Command Post
Selects Centaur Medium Tank
Infantry Training
Foot Guards Section
Foot Guards Section
Royal Engineer Section
Unlock Towed 17-pounder Anti-tank Guns
Centaur Medium Tank
Selects Naval Bombardment
17-pounder Anti-tank Gun Team
Naval Bombardment
Foot Guards Section
17-pounder Anti-tank Gun Team
Team Weapon Training
CMP 15cwt Truck
CMP 15cwt Truck
Unlock M3 Grant Medium Tanks
M3 Grant Medium Tank
fnvkdxod
ssoseji76
아즈마리아
돔황챠
BigOrange
runyourway
快乐人民
Voodoo408
0
0
Comments
sign in to comment!
No comments posted yet!